 Dungeon Crawl Stone Soup version 0.29.1-2-gbd0b4ee654 (webtiles) character file.

Game seed: 9998249762678566676

16 hawla the Gusty (level 2, 0/20 HPs)
             Began as a Meteoran Air Elementalist on Nov 14, 2022.
             Slain by a jackal (2 damage)
             ... on level 1 of the Dungeon.
             The game lasted 00:02:28 (552 turns).

hawla the Gusty (Meteoran Air Elementalist)          Turns: 552, Time: 00:02:29

Health: 0/20       AC:  3    Str:  9    XL:     2   Next: 94%
Magic:  2/7        EV: 12    Int: 16    God:
Gold:   66         SH:  0    Dex: 14    Spells: 4/7 levels left

rFire   . . .      SeeInvis .   (no weapon)
rCold   . . .      Faith    .   (no shield)
rNeg    . . .      Spirit   .   a - +0 robe
rPois   .          Reflect  .   (no helmet)
rElec   .          Harm     .   e - +0 cloak
rCorr   .          Rampage  .   (no gloves)
Will    .....                   (no boots)
Stlth   +.........              (no amulet)
HPRegen 0.06/turn               (no ring)
MPRegen 0.10/turn               (no ring)

@: mighty, glowing
A: sense surroundings 1, otherworldly, glowing, explore regen
a: no special abilities


You were on level 1 of the Dungeon.
You visited 1 branch of the dungeon, and saw 2 of its levels.

You collected 66 gold pieces.

Inventory:

Armour
 a - a +0 robe (worn)
 e - a +0 cloak (worn)
Potions
 b - a potion of magic
 f - a potion of curing {unknown}


   Skills:
 + Level 2.6 Dodging
 - Level 1.4 Stealth
 + Level 3.2 Spellcasting
 + Level 1.5 Conjurations
 + Level 3.9 Air Magic


You had 4 spell levels left.
You knew the following spells:

 Your Spells              Type           Power      Damage    Failure   Level
a - Shock                 Conj/Air       44%        1d5       6%          1
b - Static Discharge      Conj/Air       11%        3-5/arc   9%          2

Your spell library contained the following spells:

 Spells                   Type           Power      Damage    Failure   Level
 Magic Dart               Conj           28%        1d4       10%         1
 Swiftness                Air            15%        N/A       11%         3
 Mephitic Cloud           Conj/Pois/Air  8%         N/A       26%         3
 Call Imp                 Summ           2%         N/A       28%         2
 Airstrike                Air            7%         2d(2-18)  34%         4


Dungeon Overview and Level Annotations

Branches:
Dungeon (2/15) Zot: 641

Altars:


Innate Abilities, Weirdness & Mutations

You passively map a small area around you.
You are easily found by Zot.
You glow in the dark.
You regain HP and MP as you explore.


Message History

You miscast Shock.
You are very lightly contaminated with residual magic.
Nothing appears to happen.
Casting: Shock (safe; 6% risk of failure)
Confirm with . or Enter, or press ? or * to list all spells.
You miscast Static Discharge.
Nothing appears to happen.
The jackal misses you.
Casting: Static Discharge (safe; 9% risk of failure)
Confirm with . or Enter, or press ? or * to list all spells.
You don't have enough magic to cast this spell.
The jackal bites you.
The jackal bites you but does no damage.
The jackal bites you but does no damage.
The jackal closely misses you.
As you read the scroll labelled MEBOR TAZITO, it crumbles to dust.
You feel aware of your surroundings.
It was a scroll of magic mapping.
The jackal bites you but does no damage.
The jackal bites you.
* * * LOW HITPOINT WARNING * * *
The jackal bites you.
* * * LOW HITPOINT WARNING * * *
The jackal bites you but does no damage.
The jackal attacks as you move away! The jackal completely misses you.
The jackal closely misses you.
A jackal comes into view. x2
The jackal moves out of view.
The jackal bites you.
* * * LOW HITPOINT WARNING * * *
The jackal attacks as you move away!
The jackal bites you but does no damage.
A goblin comes into view. It is wielding a +0 club.
The jackal barks!
The jackal attacks as you move away! The jackal barely misses you.
The goblin shouts!
The jackal bites you but does no damage.
Your magical contamination has completely faded away.
You aren't carrying any scrolls.
It was a potion of might.
You feel very mighty all of a sudden. The jackal bites you.
You die...

.......#........# #.....#...####*
##~#####........# #..####...#
.P~...##........# #..# #...#
P~PP.###........# #..# #...#
P~..## #........# #..# #...#
P~.##**############..####...#####
P~.#,,,,,,............h..........
#~.##,,,,.########.h.####...##...
#P~.#,,,,...g...@hh.........#*,,h
##.~##,,,.#.#######†.####.#.#*,,,
#.P~#**.##.#.............#.#*,,,
#PP~####....#.#.##..######.#****
##..._8#*#..........#*****.#*
####### #..........#,,,,,,,*
*,*,* #..#.#.....#,******* *,*,*
#.,#.#.....#,* *,*,*
#,,#.#.#..##,*


You could see 4 jackals and a goblin.

Vanquished Creatures
  2 endoplasms (D:1)
  A goblin (D:1)
  A hobgoblin (D:1)
  A jackal (D:1)
  A quokka (D:1)
  A bat (D:2)
  2 frilled lizards
  A kobold (D:1)
  7 rats (D:1)
17 creatures vanquished.

Notes
Turn   | Place    | Note
-------+----------+-------------------------------------------
     0 | D:1      | hawla the Meteoran Air Elementalist began the quest for the
                  | Orb.
     0 | D:1      | Reached XP level 1. HP: 14/14 MP: 5/5
   184 | D:1      | Reached XP level 2. HP: 20/20 MP: 4/6
   190 | D:1      | Learned a level 2 spell: Static Discharge
   471 | D:1      | Found a faded altar of an unknown god.
   494 | D:1      | Glimpsed the power of Zot.
   552 | D:1      | Slain by a jackal

Illustrated notes

Levels and vault maps discovered:
D:1:      dpeg_arrival_ratfight, layout_basic,
          shapermc_ecumenical_altar_hornbeckon, hangedman_decor_slide_cut,
          dk_noncrumbling_2
D:2:      layout_rooms

Skill      XL: |  1  2 |
---------------+-------+-----
Spellcasting   | 3 |  3.2
Dodging        | |  2.6
Stealth        | |  1.4
Conjurations   | |  1.5
Air Magic      | |  3.9

Action                   || total
-------------------------++-------
 Cast: Shock             ||    22
       Static Discharge  ||     5
  Use: Scroll            ||     1
       Potion            ||     1
Armor: Robe              ||     9
Dodge: Dodged            ||    16
